 Dungeon Crawl Stone Soup version 0.25.1-2-g60ff931df9 (webtiles) character file.

Game seed: 5789488046944309682

22266 DoubleLucky the Arsonist (level 12, -7/81 HPs)
             Began as a Yellow Draconian Fire Elementalist on Oct 1, 2020.
             Was an Elder of Qazlal.
             Killed from afar by an orc wizard (24 damage)
             ... with an exploding inner flame
             ... led by an orc knight
             ... hexed by the player character
             ... on level 1 of the Orcish Mines.
             The game lasted 02:10:41 (23795 turns).

DoubleLucky the Arsonist (DrFE)                    Turns: 23795, Time: 02:10:42

Health: -7/81      AC: 13    Str: 10    XL:     12   Next: 61%
Magic:  23/25      EV: 12    Int: 27    God:    Qazlal [****..]
Gold:   649        SH:  5    Dex: 12    Spells: 14/30 levels left

rFire    . . .     SeeInvis .   C - staff of energy
rCold    . . .     Gourm    .   (no shield)
rNeg     + . .     Faith    .   (armour unavailable)
rPois    .         Spirit   .   (helmet restricted)
rElec    .         Reflect  .   R - +2 cloak {rCorr}
rCorr    +         Harm     .   (no gloves)
MR       .....                  n - +1 pair of boots {Fly}
Stlth    +.........             (no amulet)
HPRegen  0.23/turn              O - ring of positive energy
MPRegen  0.19/turn              y - +6 ring of intelligence

@: flying, lightly drained, repel missiles
A: spit acid, unfitting armour, cold-blooded, acid resistance, AC +8
a: Breathe Acid, Upheaval, Elemental Force, Renounce Religion, Stop Flying


You were on level 1 of the Orcish Mines.
You worshipped Qazlal.
Qazlal was greatly pleased with you.
You were very full.

You visited 4 branches of the dungeon, and saw 16 of its levels.
You also visited: Ossuary.

You collected 1260 gold pieces.
You spent 611 gold pieces at shops.

Inventory:

Hand Weapons
 d - a +0 dagger
 h - a +1 whip of flaming
 l - a +5 dagger of speed
 q - the +6 dagger "Hongian" {flame, rF+ rN+ Str+2 Dex-3}
   (You took it off an orc wizard on level 6 of the Dungeon)

   It has been specially enchanted to burn those struck by it, causing extra
   injury to most foes and up to half again as much damage against particularly
   susceptible opponents.
   It affects your strength (+2).
   It affects your dexterity (-3).
   It protects you from fire.
   It protects you from negative energy.
 s - a +3 flail
 J - a +1 spear of flaming
 K - a +1 dagger of venom
Missiles
 c - 245 stones (quivered)
Armour
 n - a +1 pair of boots of flying (worn)
 R - a +2 cloak of preservation (worn)
Magical Staves
 C - an uncursed staff of energy (weapon)
 H - an uncursed staff of conjuration
Jewellery
 y - a +6 ring of intelligence (right hand)
 O - a ring of positive energy (left hand)
 P - an uncursed amulet of guardian spirit
Wands
 p - a wand of flame (4)
 B - a wand of paralysis (12)
 Q - a wand of clouds (5)
 U - a wand of enslavement (8)
Scrolls
 f - 5 scrolls of amnesia
 m - 2 scrolls of enchant armour
 v - 2 scrolls of teleportation
 x - 4 scrolls of remove curse
 z - a scroll of blinking
 A - a scroll of fog
 D - 2 scrolls of enchant weapon
 G - 10 scrolls of identify
 L - a scroll of immolation {unknown}
 N - 2 scrolls of vulnerability {unknown}
Potions
 a - a potion of degeneration {unknown}
 e - 3 potions of haste
 g - 4 potions of heal wounds
 i - 7 potions of invisibility
 j - 4 potions of brilliance
 k - 6 potions of lignification
 o - 2 potions of flight {unknown}
 r - 5 potions of might
 t - 4 potions of curing
 u - 3 potions of magic
 w - a potion of mutation {unknown}
 E - a potion of berserk rage {unknown}
 F - 3 potions of ambrosia
 S - a potion of resistance {unknown}
Comestibles
 b - 10 rations


   Skills:
 - Level 1.7(1.5) Dodging
 - Level 1.7(1.5) Stealth
 + Level 9.9(9.6) Spellcasting
 - Level 10.0(9.6) Conjurations
 * Level 14.5(14.1) Fire Magic
 - Level 6.0(5.7) Invocations


You had 14 spell levels left.
You knew the following spells:

 Your Spells              Type           Power        Failure   Level  Hunger
a - Foxfire               Conj/Fire      ####         1%          1    None
b - Conjure Flame         Conj/Fire      ######..     1%          3    None
c - Inner Flame           Hex/Fire       ######..     1%          3    None
d - Sticky Flame          Conj/Fire      ######..     1%          4    None
e - Fireball              Conj/Fire      ######....   1%          5    None

Your spell library contained the following spells:

 Spells                   Type           Power        Failure   Level  Hunger
 Animate Skeleton         Necr           N/A          4%          1    None
 Beastly Appendage        Tmut           ##....       4%          1    None
 Pain                     Necr           ##..         4%          1    None
 Sticks to Snakes         Tmut           ##......     7%          2    None
 Spider Form              Tmut/Pois      ##........   14%         3    None
 Vampiric Draining        Necr           ##........   14%         3    None
 Animate Dead             Necr           N/A          41%         4    None
 Ice Form                 Ice/Tmut       ##......     41%         4    None
 Agony                    Necr           ##......     77%         5    None
 Blade Hands              Tmut           ##........   77%         5    None


Dungeon Overview and Level Annotations

Branches:
Dungeon (12/15)            Temple (1/1) D:6            Lair (1/6) D:10
    Orc (2/2) D:9         Ossuary (visited)
    Elf: Orc:2

Altars:
Ashenzari
Cheibriados
Dithmenos
Elyvilon
Fedhas
Gozag
Hepliaklqana
Kikubaaqudgha
Makhleb
Nemelex Xobeh
Okawaru
Qazlal
Ru
Sif Muna
Trog
Uskayaw
Vehumet
Wu Jian
Xom
Yredelemnul
Zin
The Shining One
Lugonu

Shops:
D:8 (   D:9 ![


Innate Abilities, Weirdness & Mutations

You can spit globs of acid.
Your golden yellow scales are hard. (AC +8)
You cannot fit into any form of body armour.
You are cold-blooded and may be slowed by cold attacks.
You are resistant to acid. (rCorr)


Message History

Flame seeps out of the orc wizard.
The orc wizard hits you with a +0 dagger.
The orc sorcerer hits you with a +0 dagger.
The orange demon stings you from afar!
* * * LOW HITPOINT WARNING * * *
You block the orc warrior's attack.
You fly upwards.
The orange demon disappears in a puff of smoke!
Reactivating autopickup.
There is a stone staircase leading down here.
You see here a +0 giant club.
The orc wizard hits you but does no damage.
You hear some strange, mumbled words.
A bolt of poison appears from out of thin air!
The bolt of poison hits the orc wizard!!
The orc wizard is poisoned.
The orc wizard explodes!
The fiery explosion engulfs something!!!
The fiery explosion engulfs you!!
You die...

##...........#....).......#
#........[..##...........##
####............#.......)....#
##..#................##......##
#.........###.........##...[...
#..........##..)....#####......
#####...>.#.###..)......# ##.....
#.####.........§○§......###......
...###.#......#§@........#.....#.
..............§>)§..#.....)..####
.####''####...○Oo..#...[.......#
.#..[.....#......####..#......##
.#..####..#............#..#....#
^#..#..#..#.........).#..##.#^##
.#..'..'..#...#.......###....##
.#..'..'..#............####.##
.#..#..#..#...........### ###


You could see a two-headed ogre and an orc sorcerer.

Vanquished Creatures
  Erolcha (D:9)
  Erica (D:10)
  4 two-headed ogres (Orc:1)
  3 death yaks (D:9)
  An orc high priest (Orc:1)
  Pikel (D:3)
  2 orc knights (Orc:1)
  An ugly thing (D:12)
  5 orc sorcerers (Orc:1)
  A cyclops (D:9)
  Maurice (D:10)
  Joseph (D:8)
  3 kobold demonologists (D:11)
  Maggie (D:7)
  2 trolls
  2 hippogriffs
  Sigmund (D:4)
  A spriggan (D:7)
  A vampire (D:11)
  A basilisk (D:7)
  3 yaks
  2 hungry ghosts
  A warg (Orc:1)
  Menkaure (D:4)
  2 water moccasins
  Duvessa (D:7)
  4 ice beasts
  A phantom (D:8)
  10 orc warriors
  A necrophage (D:11)
  2 slaves (D:3)
  5 sky beasts
  12 ogres
  5 centaurs
  2 big kobolds
  2 crocodiles
  6 bullfrogs
  2 gnoll sergeants
  A wyvern skeleton (D:10)
  4 scorpions
  Dowan (D:7)
  9 killer bees
  A howler monkey (D:3)
  4 centaur zombies
  7 crimson imps
  A bullfrog zombie (D:11)
  5 hounds
  3 jellies
  21 orc wizards
  12 orc priests
  2 iguanas
  Terence (D:3)
  11 worker ants
  Ijyb (D:3)
  A big kobold zombie (Ossuary)
  2 hound skeletons
  9 mummies
  A howler monkey skeleton (D:4)
  11 adders
  14 gnolls
  An ooze (D:3)
  An adder skeleton (D:5)
  2 dart slugs (D:1)
  6 leopard geckos
  53 orcs
  7 bats
  9 giant cockroaches
  2 gnoll zombies (Ossuary)
  6 goblins
  12 hobgoblins
  12 jackals
  2 quokkas
  3 ball pythons
  5 frilled lizards
  3 hobgoblin zombies
  A jackal skeleton (D:5)
  14 kobolds
  2 kobold zombies
  A leopard gecko skeleton (D:4)
  2 orc zombies (Ossuary)
  A quokka skeleton (D:8)
  A quokka zombie (D:6)
  8 rats
  4 foxfires (D:8)
376 creatures vanquished.

Vanquished Creatures (others)
  A slave (D:4)
  A demonic plant (D:11)
  1512 foxfires
1514 creatures vanquished.

Grand Total: 1890 creatures vanquished

Notes
Turn   | Place    | Note
-------+----------+-------------------------------------------
     0 | D:1      | DoubleLucky the Draconian Fire Elementalist began the quest
                  | for the Orb.
     0 | D:1      | Reached XP level 1. HP: 14/14 MP: 3/3
   351 | D:1      | Reached XP level 2. HP: 20/20 MP: 1/5
   757 | D:1      | Reached XP level 3. HP: 26/26 MP: 3/6
  1729 | D:2      | Reached skill level 4 in Fire Magic
  2052 | D:2      | Reached XP level 4. HP: 33/33 MP: 4/7
  2240 | D:2      | Found a sparkling altar of Nemelex Xobeh.
  2331 | D:2      | Found a hide-covered altar of Uskayaw.
  2574 | D:3      | Learned a level 3 spell: Conjure Flame
  2860 | D:3      | Reached XP level 5. HP: 31/38 MP: 0/9
  3310 | D:3      | Noticed Ijyb
  3448 | D:3      | Killed Ijyb
  3809 | D:3      | Found a shadowy altar of Dithmenos.
  3888 | D:3      | Noticed Terence
  3914 | D:3      | Killed Terence
  3914 | D:3      | Reached skill level 5 in Fire Magic
  4475 | D:4      | Reached XP level 6. HP: 45/45 MP: 8/11
  4476 | D:4      | Noticed Menkaure
  4653 | D:4      | Noticed a slave
  4653 | D:4      | Noticed a slave
  4684 | D:3      | Killed a slave
  4766 | D:3      | Killed a slave
  4838 | D:4      | Noticed Pikel
  4838 | D:4      | Noticed a slave
  4838 | D:4      | Noticed a slave
  4893 | D:3      | Killed Pikel
  4893 | D:3      | Reached skill level 6 in Fire Magic
  4893 | D:3      | Your scales start taking on a golden yellow colour.
  4893 | D:3      | Reached XP level 7. HP: 29/50 MP: 0/13
  4893 | D:3      | Gained mutation: You are resistant to acid. (rCorr) [Yellow
                  | Draconian growth]
  5922 | D:4      | Reached skill level 7 in Fire Magic
  6260 | D:4      | Noticed Sigmund
  6393 | D:4      | Killed Menkaure
  6393 | D:4      | Reached XP level 8. HP: 57/57 MP: 9/15
  6463 | D:4      | Killed Sigmund
  6465 | D:4      | Reached skill level 5 in Spellcasting
  6465 | D:4      | Reached skill level 5 in Conjurations
  6635 | D:5      | Entered Level 5 of the Dungeon
  7119 | D:5      | Reached skill level 8 in Fire Magic
  7885 | D:5      | You are sucked into a shaft and drop 2 floors!
  8231 | D:6      | Found a staircase to the Ecumenical Temple.
  8246 | Temple   | Entered the Ecumenical Temple
  8266 | Temple   | Became a worshipper of Qazlal Stormbringer
  8316 | D:6      | Found a sand-covered staircase.
  8362 | Ossuary  | Entered an ossuary
  8622 | Ossuary  | Reached XP level 9. HP: 62/62 MP: 8/17
  8986 | D:6      | Reached skill level 9 in Fire Magic
  9342 | D:6      | Reached * piety under Qazlal
  9580 | D:6      | Found a blossoming altar of Fedhas.
  9580 | D:6      | Found an iron altar of Okawaru.
  9585 | D:6      | Found a shimmering altar of Xom.
  9587 | D:6      | Found a shattered altar of Ashenzari.
  9588 | D:6      | Found a basalt altar of Yredelemnul.
  9662 | D:6      | Identified the +6 dagger "Hongian" {flame, rF+ rN+ Str+2
                  | Dex-3}
  9790 | D:5      | Learned a level 3 spell: Inner Flame
  9795 | D:5      | Learned a level 4 spell: Sticky Flame
 10588 | D:7      | Noticed Maggie
 10603 | D:7      | Killed Maggie
 10603 | D:7      | Reached skill level 10 in Fire Magic
 10884 | D:7      | You are sucked into a shaft and drop 2 floors!
 10969 | D:9      | Identified a scroll of acquirement
 10969 | D:9      | Acquired an uncursed staff of energy
 10978 | D:9      | Learned a level 5 spell: Fireball
 11237 | D:9      | Noticed Erolcha
 11244 | D:9      | Paralysed by Erolcha for 7 turns
 11289 | D:9      | Killed Erolcha
 11289 | D:9      | Reached XP level 10. HP: 41/69 MP: 1/20
 11813 | D:8      | Reached ** piety under Qazlal
 11880 | D:8      | Found Amaalouwn's Weapon Boutique.
 11884 | D:8      | Found a shimmering blue altar of Sif Muna.
 11968 | D:8      | Reached skill level 11 in Fire Magic
 12241 | D:8      | Noticed Joseph
 12254 | D:8      | Killed Joseph
 13596 | D:7      | Noticed Dowan
 13600 | D:7      | Killed Dowan
 13659 | D:7      | Noticed Duvessa
 13698 | D:7      | Killed Duvessa
 14507 | D:9      | Found Sediw's Antique Armour Emporium.
 14722 | D:9      | Found a staircase to the Orcish Mines.
 14874 | D:9      | Found Konaa's Distillery.
 15021 | D:9      | Bought a potion of heal wounds for 65 gold pieces
 15021 | D:9      | Bought a potion of magic for 104 gold pieces
 15021 | D:9      | Bought 2 potions of ambrosia for 208 gold pieces
 15021 | D:9      | Bought a potion of haste for 130 gold pieces
 15021 | D:9      | Bought a potion of magic for 104 gold pieces
 15292 | D:10     | Entered Level 10 of the Dungeon
 15404 | D:10     | Noticed a death yak
 15456 | D:9      | Killed a death yak
 15456 | D:9      | Reached skill level 12 in Fire Magic
 15738 | D:10     | Noticed Maurice
 15818 | D:10     | Killed Maurice
 15818 | D:10     | Reached XP level 11. HP: 74/74 MP: 11/23
 16057 | D:10     | Reached *** piety under Qazlal
 16165 | D:10     | Found a staircase to the Lair.
 16269 | D:10     | Found a white marble altar of Elyvilon.
 16677 | D:10     | Noticed a death yak
 16679 | D:10     | Noticed a death yak
 16856 | D:9      | Killed a death yak
 16856 | D:9      | Reached skill level 1 in Invocations
 17029 | D:9      | Killed a death yak
 17820 | D:11     | Noticed Erica
 18452 | D:11     | Found a corrupted altar of Lugonu.
 18502 | D:11     | Found an opulent altar of Gozag.
 18866 | D:11     | Found a shimmering blue altar of Sif Muna.
 18879 | D:11     | Reached skill level 13 in Fire Magic
 19619 | D:12     | Noticed a purple ugly thing
 19639 | D:12     | Killed a purple ugly thing
 19691 | D:12     | Reached **** piety under Qazlal
 19792 | D:12     | Noticed a tengu warrior
 19797 | D:12     | Noticed a tengu warrior
 20090 | D:10     | Killed Erica
 20167 | Lair:1   | Entered Level 1 of the Lair of Beasts
 20171 | Lair:1   | Noticed a seven-headed hydra
 20173 | Lair:1   | Noticed an eight-headed hydra
 20337 | Orc:1    | Entered Level 1 of the Orcish Mines
 20561 | Orc:1    | Noticed an orc sorcerer
 20563 | Orc:1    | Paralysed by an orc sorcerer for 6 turns
 21047 | Orc:1    | Killed an orc sorcerer
 21050 | Orc:1    | Noticed an orc sorcerer
 21064 | Orc:1    | Noticed a two-headed ogre
 21070 | Orc:1    | Killed a two-headed ogre
 21070 | Orc:1    | Reached XP level 12. HP: 81/81 MP: 9/25
 21260 | Orc:1    | Noticed an orc high priest
 21262 | Orc:1    | Killed an orc high priest
 21385 | Orc:1    | Reached skill level 5 in Invocations
 21790 | Orc:1    | Reached skill level 10 in Conjurations
 22412 | Orc:2    | Entered Level 2 of the Orcish Mines
 22418 | Orc:1    | Reached skill level 14 in Fire Magic
 22884 | Orc:2    | Noticed a two-headed ogre
 22940 | Orc:1    | Killed a two-headed ogre
 23246 | Orc:2    | Noticed a two-headed ogre
 23314 | Orc:2    | Noticed a two-headed ogre
 23315 | Orc:2    | Noticed an ogre mage
 23417 | Orc:1    | Killed a two-headed ogre
 23554 | Orc:2    | Noticed a two-headed ogre
 23579 | Orc:1    | Killed a two-headed ogre
 23788 | Orc:2    | Paralysed by an orc sorcerer for 5 turns
 23795 | Orc:1    | Killed from afar by an orc wizard

Illustrated notes

Levels and vault maps discovered:
D:1:      dpeg_arrival_chambers_temple_mockup, layout_loops_ring
D:2:      layout_rooms, eat_drink_and_be_merry_uskayaw,
          nemelex_xobeh_ov_fountains_minmay
D:3:      layout_loops_cross, nicolae_dithmenos_through_a_glass_darkly,
          uniq_ijyb, uniq_terence
D:4:      layout_rooms, uniq_sigmund, uniq_menkaure, uniq_pikel
D:5:      layout_cave_pods, first_ration, minmay_misc_feat_pillars
D:6:      cheibrodos_barr_body, layout_rooms,
          chequers_temple_overflow_minitemple, minmay_temple_entry_stoned_glass,
          nicolae_ossuary_entry_giza, minivault_25
D:7:      layout_basic, the_bakery, nicolae_sextant, st_stairs_9, uniq_duvessa,
          uniq_maggie
D:8:      layout_basic, enter_bailey_2, basic_altar, serial_shops,
          nicolae_shop_waterfront, minmay_tree_intersection, uniq_joseph
D:9:      layout_long_grid, orc_0_dummy, serial_rivers,
          chequers_serial_rivers_micro_a, chequers_serial_rivers_room_b,
          chequers_serial_rivers_micro_e, chequers_serial_rivers_micro_c,
          chequers_serial_rivers_small_3, chequers_serial_rivers_micro_c,
          serial_shops, shop, shop, uniq_erolcha
D:10:     layout_loops_ring, dpeg_lair_monsters, elyvilon_altar_4, uniq_maurice
D:11:     kennysheep_kobold_lugonu_temple, layout_rooms,
          hangedman_feature_mirror, uniq_erica
D:12:     layout_basic
Temple:   lightli_temple_of_artemis
Lair:1:   layout_regular_city, enter_volcano_2, grunt_megastairs_2,
          uniq_nergalle
Orc:1:    layout_diamond_mine, guppyfry_library_mini
Orc:2:    grunt_orc_community_town_hall, layout_caves,
          grunt_orc_community_big_house_2, grunt_orc_community_big_house_2,
          grunt_orc_community_house_2, grunt_orc_community_house_2,
          grunt_orc_community_house_3, grunt_orc_community_house_3, mines2_david

Skill      XL: |  1  2  3  4  5  6  7  8  9 10 11 12 |
---------------+-------------------------------------+-----
Conjurations   | 2 3 4 5 7 8 9 10 | 10.0
Fire Magic     | 4 5 6 7 8 10 12 13 14 | 14.5
Spellcasting   | 3 4 5 7 8 9 |  9.9
Invocations    | 4 6 |  6.0
Dodging        | |  1.7
Stealth        | |  1.7

Action                   |  1- 3 |  4- 6 |  7- 9 | 10-12 || total
-------------------------+-------+-------+-------+-------++-------
Melee: Dagger            |     3 |    51 |   143 |    31 ||   228
       Tailslap          |       |     7 |    10 |     9 ||    26
       Staff             |       |       |     1 |   140 ||   141
 Cast: Foxfire           |   108 |   153 |   305 |   348 ||   914
       Conjure Flame     |       |     1 |    18 |    46 ||    65
       Sticky Flame      |       |       |     8 |    36 ||    44
       Inner Flame       |       |       |     2 |    60 ||    62
       Fireball          |       |       |     2 |    63 ||    65
Invok: Upheaval          |       |       |       |     2 ||     2
 Abil: Breathe Acid      |       |       |     2 |     2 ||     4
Evoke: Wand              |       |       |       |     1 ||     1
  Use: Scroll            |       |     4 |    17 |     5 ||    26
       Potion            |       |       |     2 |     2 ||     4
  Eat: Chunk             |     5 |     4 |    13 |    21 ||    43
       Ration            |       |     1 |     3 |     7 ||    11
Armor: Skin              |     4 |    35 |    64 |   129 ||   232
Dodge: Dodged            |     8 |    56 |   121 |   189 ||   374
       Repelled          |       |       |       |     9 ||     9
Block: Other             |       |       |     3 |    48 ||    51
